 Dungeon Crawl Stone Soup version 0.29.1-2-gbd0b4ee654 (webtiles) character file.

Game seed: 2509325292705363882

172 safid the Shooter (level 5, -8/48 HPs)
             Began as a Minotaur Hunter on Nov 7, 2022.
             Killed from afar by a steam dragon (13 damage)
             ... with a ball of steam
             ... on level 4 of the Dungeon.
             The game lasted 00:03:08 (2290 turns).

safid the Shooter (Minotaur Hunter)                 Turns: 2290, Time: 00:03:09

Health: -8/48      AC:  8    Str: 15    XL:     5   Next: 27%
Magic:  4/4        EV: 12    Int:  6    God:
Gold:   214        SH:  0    Dex: 16    Spells: 4/4 levels left

rFire   . . .      SeeInvis .   a - +0 shortbow
rCold   . . .      Faith    .   (shield currently unavailable)
rNeg    . . .      Spirit   .   c - +0 leather armour
rPois   .          Reflect  .   (helmet restricted)
rElec   .          Harm     .   p - +2 cloak
rCorr   .          Rampage  .   u - +0 pair of gloves
Will    .....                   g - +0 pair of boots
Stlth   +.........              l - amulet of regeneration
HPRegen 0.96/turn               (no ring)
MPRegen 0.09/turn               (no ring)

@: no status effects
A: horns 2, retaliatory headbutt
a: no special abilities


You were on level 4 of the Dungeon.
You visited 1 branch of the dungeon, and saw 4 of its levels.

You collected 214 gold pieces.

Inventory:

Hand Weapons
 a - a +0 shortbow (weapon)
Missiles
 d - 9 javelins
Armour
 c - a +0 leather armour (worn)
 g - a +0 pair of boots (worn)
 p - a +2 cloak (worn)
 u - a +0 pair of gloves (worn)
Jewellery
 l - an amulet of regeneration (around neck)
 w - a ring of poison resistance
Wands
 t - a wand of flame (11)
Scrolls
 b - 2 scrolls of immolation
 h - a scroll of butterflies {unknown}
 j - 2 scrolls of fear {unknown}
 k - a scroll of poison {unknown}
 m - 3 scrolls of identify {unknown}
 n - a scroll of teleportation {unknown}
 r - a scroll of amnesia {unknown}
 s - 2 scrolls of noise {unknown}
 v - a scroll of silence {unknown}
 x - a scroll of acquirement {unknown}
Potions
 e - 4 potions of heal wounds {unknown}
 f - a potion of mutation {unknown}
 i - 3 potions of degeneration {unknown}
 o - a potion of invisibility {unknown}
 q - 2 potions of curing {unknown}
 z - a potion of might {unknown}


   Skills:
 + Level 5.0 Fighting
 + Level 6.0 Ranged Weapons
 - Level 2.1 Dodging
 - Level 0.7 Stealth


You had 4 spell levels left.
You didn't know any spells.
Your spell library contained the following spells:

 Spells                   Type           Power      Damage    Failure   Level
 Ozocubu's Armour         Ice            0%         N/A       88%         3
 Metabolic Englaciation   Hex/Ice        0%         N/A       100%        5
 Simulacrum               Ice/Necr       0%         N/A       100%        6


Dungeon Overview and Level Annotations

Branches:
Dungeon (4/15)
 Temple: D:4-7

Altars:
Ru
Zin

Annotations:
D:4 1 transporter


Innate Abilities, Weirdness & Mutations

You have a pair of horns on your head.
You reflexively headbutt those who attack you in melee.


Message History

The arrow closely misses the steam dragon.
The steam dragon breathes steam at you. The ball of steam hits you!
A goblin comes into view. It is wielding a +0 club.
The steam dragon closely misses you. The steam dragon barely misses you.
You hear an angry hiss.
The steam dragon attacks as you move away!
The steam dragon bites you but does no damage.
The steam dragon claws you but does no damage.
Fire: a) +0 shortbow
Press: ? - help, Q - select action, (/) - cycle Shift-Dir - straight line, f/p - steam dragon
Aim: a steam dragon (lightly wounded, 65% to hit)
You shoot an arrow. The arrow hits the steam dragon!
The steam dragon is moderately wounded.
The steam dragon bites you but does no damage.
The steam dragon claws you but does no damage.
Fire: a) +0 shortbow
Press: ? - help, Q - select action, (/) - cycle Shift-Dir - straight line, f/p - steam dragon
Aim: a steam dragon (steam, moderately wounded, 65% to hit)
You shoot an arrow.
The arrow hits the steam dragon but does no damage.
The steam dragon is moderately wounded.
You hear an angry hiss.
The steam dragon bites you.
The steam dragon claws you but does no damage.
Fire: a) +0 shortbow
Press: ? - help, Q - select action, (/) - cycle Shift-Dir - straight line, f/p - steam dragon
Aim: a steam dragon (moderately wounded, 65% to hit)
You shoot an arrow.
The arrow hits the steam dragon but does no damage.
The steam dragon is moderately wounded.
The steam dragon breathes steam at you. The ball of steam hits you!
* * * LOW HITPOINT WARNING * * *
You are engulfed in a cloud of scalding steam.
You are engulfed in a cloud of scalding steam.
* * * LOW HITPOINT WARNING * * *
The steam dragon breathes steam at you. The ball of steam hits you!
You die...

..# ..... ..#
##... ..#####..
.?. ......... #g#
..#####.# #h#
........# #.#
.######## #D#
.############ #§#
............# #@#
###########.####§#
#....§.# ########


You could see a steam dragon (catching breath).

Vanquished Creatures
  An orc priest (D:4)
  A hound (D:4)
  4 adders
  An ufetubus (D:3)
  A worm (D:2)
  4 dart slugs
  2 orcs (D:4)
  9 ball pythons
  5 bats
  3 endoplasms
  4 giant cockroaches
  11 goblins
  3 hobgoblins
  5 kobolds
  2 quokkas (D:2)
  2 frilled lizards
  4 rats
62 creatures vanquished.

Notes
Turn   | Place    | Note
-------+----------+-------------------------------------------
     0 | D:1      | safid the Minotaur Hunter began the quest for the Orb.
     0 | D:1      | Reached XP level 1. HP: 18/18 MP: 0/0
   386 | D:1      | Reached XP level 2. HP: 25/25 MP: 1/1
   958 | D:2      | Reached skill level 5 in Ranged Weapons
   958 | D:2      | Reached XP level 3. HP: 31/31 MP: 2/2
  1593 | D:3      | Reached XP level 4. HP: 40/40 MP: 3/3
  1594 | D:3      | Found a glowing silver altar of Zin.
  1931 | D:3      | Found a sacrificial altar of Ru.
  2134 | D:4      | Found a transporter.
  2188 | D:4      | Reached XP level 5. HP: 47/47 MP: 4/4
  2227 | D:4      | Reached skill level 5 in Fighting
  2227 | D:4      | Reached skill level 6 in Ranged Weapons
  2278 | D:4      | Noticed a steam dragon
  2290 | D:4      | Killed from afar by a steam dragon

Illustrated notes

Levels and vault maps discovered:
D:1:      minmay_arrival_stone_box, layout_basic
D:2:      layout_basic
D:3:      layout_basic, nicolae_ru_path_of_blood, old_standard_altar
D:4:      layout_loops_ring, mainiacjoe_overflow_alcove_1,
          minmay_temple_entry_offerings, gammafunk_ghost_mausoleum, uniq_duvessa

Skill      XL: |  1  2  3  4  5 |
---------------+----------------+-----
Fighting       | 3 4 5 |  5.0
Ranged Weapons | 5 6 |  6.0
Dodging        | |  2.1
Stealth        | |  0.7

Action                   |  1- 3 |  4- 6 || total
-------------------------+-------+-------++-------
 Fire: Shortbow          |    92 |    80 ||   172
Armor: Leather armour    |    13 |    25 ||    38
Dodge: Dodged            |    19 |    45 ||    64
